 Dungeon Crawl Stone Soup version 0.20.1-1-g8b1a95d (webtiles) character file.

1054 HammerPanzer the Carver (level 8, 0/72 (73) HPs)
             Began as a Minotaur Berserker on Nov 1, 2017.
             Was a Priest of Trog.
             Slain by a gnoll
             ... wielding a +0 spear
              (3 damage)
             ... on level 4 of the Dungeon.
             The game lasted 00:12:50 (4173 turns).

HammerPanzer the Carver (Minotaur Berserker)        Turns: 4173, Time: 00:12:52

HP:   0/72 (73)     AC:  8    Str: 23    XL:     8   Next: 5%
MP:   7/7           EV: 10    Int:  4    God:    Trog [***...]
Gold: 196           SH:  0    Dex: 11    Spells: 7/7 levels left

rFire    + + .     SeeInvis +   a - +0 falchion
rCold    + . .     Gourm    .   (no shield)
rNeg     . . .     Faith    .   g - +1 scale mail {rF+}
rPois    +         Spirit   .   (helmet restricted)
rElec    +         Reflect  .   (no cloak)
rCorr    +         Harm     .   p - +0 pair of gloves
MR       .....                  (no boots)
Stlth    ..........             (no amulet)
Regen    0.3/turn               h - ring of see invisible
MPRegen  0.1/turn               (no ring)

@: resistant, berserk cooldown, slowed, very slow
A: retaliatory headbutt, horns 2
a: Berserk, Trog's Hand, Burn Spellbooks, Renounce Religion


You were on level 4 of the Dungeon.
You worshipped Trog.
Trog was most pleased with you.
You were hungry.

You visited 1 branch of the dungeon, and saw 5 of its levels.

You collected 196 gold pieces.

Inventory:

Hand Weapons
 a - a +0 falchion (weapon)
Armour
 g - a +1 scale mail of fire resistance (worn)
 p - a +0 pair of gloves (worn)
Jewellery
 h - a ring of see invisible (left hand)
Wands
 u - a wand of iceblast (1/15)
Scrolls
 l - 4 scrolls of remove curse
Potions
 e - 2 potions of mutation
 j - a potion of magic
 m - 2 potions of curing
 o - 2 potions of brilliance
 q - 2 potions of flight
 r - a potion of lignification
 s - a potion of degeneration {unknown}
Comestibles
 c - 3 bread rations
 k - 3 fruits
 n - a meat ration
 v - 7 chunks of flesh


   Skills:
 + Level 7.3 Fighting
 * Level 9.9 Long Blades
 - Level 2.4 Armour
 - Level 2.1 Dodging


You had 7 spell levels left.
You didn't know any spells.

Dungeon Overview and Level Annotations

Branches:
Dungeon (5/15)             Temple (0/1) D:4

Altars:
Ru


Innate Abilities, Weirdness & Mutations

You reflexively headbutt those who attack you in melee.
You have a pair of horns on your head.


Message History

The gnoll closely misses you.
The gnoll hits you from afar with a spear.
* * * LOW HITPOINT WARNING * * *
You closely miss the gnoll.
You headbutt the gnoll, but do no damage.
The gnoll hits you from afar with a spear.
* * * LOW HITPOINT WARNING * * *
The gnoll hits you with a club.
* * * LOW HITPOINT WARNING * * *
You closely miss the gnoll. The gnoll closely misses you. x2
You furiously retaliate!
You headbutt the gnoll, but do no damage.
You hit the gnoll. You headbutt the gnoll!
You kill the gnoll!
Trog accepts your kill. The gnoll hits you with a flail.
* * * LOW HITPOINT WARNING * * *
The gnoll hits you but does no damage.
The gnoll hits you from afar with a spear.
You die...

.##.)###.###
............
≈≈....≈≈≈≈≈≈
≈≈....≈≈≈≈≈≈
≈≈....≈≈≈≈≈≈
............
##('''#############
##....#######).g..#
.'....'...g.g)g)@.#
##.)..#######)....#
##gg## #######
.gggg.gg....
..gggggg....
...gg.......
..........(.
###++#######


You could see 4 gnolls.

Vanquished Creatures
  A necrophage (D:5)
  3 ogres (D:4)
  A howler monkey (D:5)
  A crimson imp (D:5)
  A hound (D:5)
  A bullfrog skeleton (D:5)
  2 orc priests (D:5)
  3 gnoll shamans (D:4)
  3 orc wizards
  An iguana (D:4)
  Terence (D:2)
  Natasha (twice) (D:2)
  A worker ant (D:4)
  10 gnolls (D:4)
  3 adders (D:2)
  An ooze (D:2)
  An adder skeleton (D:5)
  5 worms
  A dart slug (D:2)
  A leopard gecko (D:3)
  15 orcs
  3 bats
  2 giant cockroaches
  5 goblins
  4 hobgoblins
  9 jackals
  5 quokkas
  4 frilled lizards
  A giant cockroach zombie (D:5)
  A jackal skeleton (D:5)
  5 kobolds
  5 rats
102 creatures vanquished.

Vanquished Creatures (others)
  A rat (D:3)
1 creature vanquished.

Grand Total: 103 creatures vanquished

Notes
Turn   | Place    | Note
-------+----------+-------------------------------------------
     0 | D:1      | HammerPanzer the Minotaur Berserker began the quest for the Orb.
     0 | D:1      | Reached XP level 1. HP: 19/19 MP: 0/0
   108 | D:1      | Reached skill level 4 in Long Blades
   208 | D:1      | Reached XP level 2. HP: 21/27 MP: 1/1
   608 | D:2      | Noticed Terence
   613 | D:2      | Killed Terence
   613 | D:2      | Reached skill level 5 in Long Blades
   613 | D:2      | Reached XP level 3. HP: 32/33 MP: 2/2
   685 | D:2      | Found a sacrificial altar of Ru.
  1051 | D:2      | Reached ** piety under Trog
  1051 | D:2      | Reached XP level 4. HP: 39/41 MP: 3/3
  1179 | D:2      | Noticed Natasha
  1187 | D:2      | Killed Natasha
  1633 | D:2      | Noticed Natasha
  1640 | D:2      | Killed Natasha
  1640 | D:2      | Reached skill level 5 in Fighting
  1640 | D:2      | Reached skill level 6 in Long Blades
  1640 | D:2      | Reached XP level 5. HP: 22/48 MP: 4/4
  2665 | D:3      | You fall through a shaft for 2 floors!
  2665 | D:5      | Entered Level 5 of the Dungeon
  2686 | D:5      | Reached skill level 7 in Long Blades
  2686 | D:5      | Reached XP level 6. HP: 38/56 MP: 5/5
  3062 | D:5      | Reached *** piety under Trog
  3094 | D:5      | Reached skill level 8 in Long Blades
  3252 | D:5      | Reached XP level 7. HP: 62/62 MP: 6/6
  3634 | D:4      | Found a staircase to the Ecumenical Temple.
  3889 | D:4      | Reached skill level 9 in Long Blades
  4152 | D:4      | Reached XP level 8. HP: 49/72 MP: 7/7
  4173 | D:4      | HP: 3/72 [gnoll/flail (5)]
  4173 | D:4      | Slain by a gnoll

Skill      XL: |  1  2  3  4  5  6  7 |
---------------+----------------------+-----
Long Blades    | 4 5 6 7 8 9 |  9.9
Fighting       | 4 5 6 7 |  7.3
Armour         | |  2.4
Dodging        | |  2.1

Action                   |  1- 3 |  4- 6 |  7- 9 || total
-------------------------+-------+-------+-------++-------
Melee: Falchion          |    48 |   117 |    64 ||   229
       Headbutt          |     8 |    33 |    20 ||    61
Throw: Tomahawk          |       |       |     8 ||     8
Invok: Berserk           |       |     2 |     3 ||     5
  Use: Scroll            |       |     9 |     5 ||    14
       Potion            |       |       |     1 ||     1
  Eat: Chunk             |       |     9 |     5 ||    14
Armor: Leather armour    |     5 |    12 |       ||    17
       Scale mail        |       |    25 |    32 ||    57
Dodge: Dodged            |    27 |    62 |    48 ||   137
       Rpst.: Falchion   |     9 |    19 |     5 ||    33
